 Dungeon Crawl Stone Soup version 0.20-a0-903-g7e3609c (webtiles) character file.

2284 Herrn the Cleaver (level 9, 34/72 HPs)
             Began as a Formicid Wanderer on Mar 20, 2017.
             Was a Follower of Okawaru.
             Quit the game on level 1 of the Abyss on Mar 21, 2017.
             The game lasted 00:16:24 (7599 turns).

Herrn the Cleaver (Formicid Wanderer)               Turns: 7599, Time: 00:16:25

Health: 34/72      AC: 16    Str: 16    XL:     9   Next: 66%
Magic:  6/9        EV: 10    Int: 17    God:    Okawaru [*.....]
Gold:   304        SH:  0    Dex:  9    Spells: 8/8 levels left

rFire    . . .     SeeInvis +   M - +6 quarterstaff of Tuaxost {flame, *Corrode +Rage rN+}
rCold    . . .     Gourm    .   D - +0 pearl dragon scales
rNeg     + + .     Faith    .   (no shield)
rPois    +         Spirit   +   (helmet unavailable)
rElec    .         Reflect  .   m - +2 cloak {rPois}
rCorr    .         Harm     .   (no gloves)
MR       .....                  H - +0 pair of boots
Stlth    +.........             v - amulet of guardian spirit
Regen    0.3/turn               (no ring)
MPRegen  0.2/turn               j - ring of stealth

@: no status effects
A: permanent stasis, dig shafts and tunnels, four strong arms, antennae 3
a: Dig, Shaft Self, Heroism, Renounce Religion


You were on level 1 of the Abyss.
You worshipped Okawaru.
Okawaru was aware of your devotion.
You were hungry.

You visited 2 branches of the dungeon, and saw 9 of its levels.
You visited the Abyss 1 time.

You collected 382 gold pieces.
You spent 78 gold pieces at shops.

Inventory:

Hand Weapons
 a - a +2 quarterstaff
 d - a +0 dagger
 y - a +2 war axe of flaming
 G - a +1 morningstar of freezing
 M - the +6 quarterstaff of Tuaxost (weapon) {flame, *Corrode +Rage rN+}
   (You found it on level 1 of the Abyss)

   It has been specially enchanted to burn those struck by it, causing extra
   injury to most foes and up to half again as much damage against particularly
   susceptible opponents.
   It protects you from negative energy.
   It lets you go berserk.
   It may corrode you when you take damage.
Armour
 g - a +3 ring mail
 i - a +0 cloak
 m - a +2 cloak of poison resistance (worn)
 D - +0 pearl dragon scales (worn)
 H - a +0 pair of boots (worn)
Jewellery
 h - an uncursed amulet of magic regeneration
 j - a ring of stealth (left hand)
 v - an amulet of guardian spirit (around neck)
 C - an uncursed ring of ice
 L - an uncursed amulet of rage {unknown}
Wands
 z - a wand of confusion (4/48)
 I - a wand of acid (7/15)
 J - a wand of enslavement (10/24)
 K - a wand of iceblast (6/15)
Scrolls
 b - 2 scrolls of remove curse
 c - a scroll of immolation {unknown}
 k - 3 scrolls of fear
 l - 2 scrolls of amnesia
 p - 7 scrolls of identify
 r - 2 scrolls of enchant weapon
 t - a scroll of noise
 E - 2 scrolls of magic mapping {unknown}
Potions
 e - 2 potions of ambrosia
 n - a potion of might {unknown}
 o - 3 potions of curing {unknown}
 q - a potion of haste {unknown}
 u - 2 potions of degeneration {unknown}
 w - 2 potions of agility {unknown}
 A - a potion of berserk rage
 B - a potion of flight {unknown}
 F - 2 potions of mutation {unknown}
Comestibles
 f - 4 bread rations
 x - a meat ration


   Skills:
 * Level 7.3 Fighting
 * Level 8.8 Axes
 - Level 2.0 Staves
 + Level 4.8 Armour
 + Level 3.5 Dodging
 - Level 2.4 Stealth
   Level 1.2 Shields


You had 8 spell levels left.
You didn't know any spells.

Dungeon Overview and Level Annotations

Branches:
Dungeon (8/15)             Temple (1/1) D:5
   Lair: D:8-11

Altars:
Ashenzari
Cheibriados
Dithmenos
Gozag
Hepliaklqana
Makhleb
Okawaru
Qazlal
Ru
Sif Muna
Trog
Uskayaw
Vehumet
Wu Jian
Yredelemnul
Zin
Lugonu

Shops:
D:5 *   D:6 :   D:7 (

Annotations:
D:8 Psyche


Innate Abilities, Weirdness & Mutations

You cannot be hasted, slowed, berserked, paralysed or teleported.
You can dig through walls and to a lower floor.
Your four strong arms can wield two-handed weapons with a shield.
You have a pair of large antennae on your head. (SInv)


Message History

The spatial maelstrom shimmers and seems to become two!
The rakshasa barely misses you.
A spatial maelstrom comes into view.
You completely miss the rakshasa.
The rakshasa is lightly wounded.
The rakshasa hits you with a whip.
A spatial vortex comes into view.
Unknown command.
You hit the rakshasa. You burn the rakshasa.
The rakshasa is moderately wounded.
The rakshasa completely misses you.
Unknown command.
You barely miss the rakshasa.
The rakshasa is moderately wounded.
The spatial maelstrom hits you but does no damage. x2
The spatial vortex hits you! Space bends around you.
The rakshasa hits you with a whip!
A spatial vortex comes into view.
Unknown command.
Are you sure you want to abandon this character and quit the game? (Confirm with "yes".)

v.. ........ ##
.....⌠...⌠...⌠...# .
#.................##.
##..⌠.......⌠.. ...#.
## ....⌠... ... ..# #
....... . . ## #v.v#
## # # ##vR.# #.#.#
#.v@#### .
#..#........# ##
#.######.# #.# { .##
#.# . #.# .. #.# ..
#.# # #


You could see 2 spatial maelstroms, a rakshasa and 2 spatial vortices.

Vanquished Creatures
  Pikel (D:5)
  Sigmund (D:5)
  Menkaure (D:5)
  A black bear (D:7)
  An orc warrior (D:8)
  A necrophage (D:5)
  A phantom (D:8)
  4 slaves (D:5)
  3 ogres
  3 killer bees (D:7)
  4 wights (D:7)
  A crimson imp (D:6)
  2 hounds
  2 orc priests
  A centaur skeleton (D:7)
  2 iguanas
  2 worker ants (D:4)
  2 orc wizards
  A mummy (D:7)
  A worker ant zombie (D:7)
  4 gnolls (D:5)
  10 adders
  A shadow imp (D:6)
  An adder zombie (D:5)
  5 worms
  6 leopard geckos
  21 orcs
  4 ball pythons
  16 giant cockroaches
  4 goblins
  12 hobgoblins
  4 jackals (D:4)
  6 quokkas
  5 bats
  7 frilled lizards
  A jackal skeleton (D:6)
  7 kobolds
  11 rats
  A spectral orc (D:6)
161 creatures vanquished.

Notes
Turn   | Place    | Note
-------+----------+-------------------------------------------
     0 | D:1      | Herrn the Formicid Wanderer began the quest for the Orb.
     0 | D:1      | Herrn set off with: a +2 quarterstaff, 2 potions of lignification, a +0 robe, a +0 dagger, a bread ration
     0 | D:1      | Reached XP level 1. HP: 16/16 MP: 1/1
   235 | D:1      | Reached XP level 2. HP: 23/23 MP: 2/2
   698 | D:1      | Reached XP level 3. HP: 26/29 MP: 3/3
   902 | D:2      | Found a glowing silver altar of Zin.
  1079 | D:2      | Found a shattered altar of Ashenzari.
  1118 | D:2      | Reached XP level 4. HP: 23/37 MP: 4/4
  1313 | D:2      | Reached skill level 1 in Armour
  1972 | D:3      | Reached XP level 5. HP: 31/43 MP: 5/5
  2606 | D:3      | Reached skill level 5 in Fighting
  2889 | D:3      | Reached XP level 6. HP: 51/51 MP: 6/6
  3632 | D:4      | Found an ornate altar of the Wu Jian Council.
  3912 | D:4      | Reached skill level 3 in Axes
  4025 | D:4      | Noticed an ogre
  4377 | D:4      | Killed an ogre
  4377 | D:4      | Reached XP level 7. HP: 43/56 MP: 7/7
  4458 | D:4      | Reached skill level 4 in Axes
  4716 | D:5      | Entered Level 5 of the Dungeon
  4718 | D:5      | Found Nujefux's Assorted Antiques.
  4737 | D:5      | Bought a scroll labeled PISUGU CIGUCVE for 27 gold pieces
  4737 | D:5      | Bought a scroll labeled TOANTYANTOI for 27 gold pieces
  4737 | D:5      | Bought a lumpy coppery potion for 24 gold pieces
  4889 | D:5      | Noticed Sigmund
  5019 | D:5      | Killed Sigmund
  5084 | D:5      | Reached skill level 5 in Axes
  5085 | D:5      | Reached XP level 8. HP: 60/64 MP: 6/8
  5101 | D:5      | Noticed Pikel
  5124 | D:5      | You fall through a shaft!
  5348 | D:6      | Found a burning altar of Makhleb.
  5348 | D:6      | Found a radiant altar of Vehumet.
  5529 | D:5      | Killed Pikel
  5529 | D:5      | Reached skill level 6 in Axes
  5810 | D:5      | Noticed Menkaure
  5819 | D:5      | Killed Menkaure
  5819 | D:5      | Reached skill level 7 in Axes
  5832 | D:5      | Found an iron altar of Okawaru.
  5840 | D:5      | Became a worshipper of Warmaster Okawaru
  5991 | D:5      | Found a staircase to the Ecumenical Temple.
  6047 | Temple   | Entered the Ecumenical Temple
  6119 | D:6      | Found Ehiak's Book Boutique.
  6182 | D:6      | Reached XP level 9. HP: 45/71 MP: 5/9
  6431 | D:6      | Found a basalt altar of Yredelemnul.
  6599 | D:6      | Found an opulent altar of Gozag.
  6785 | D:7      | Found Hidiy's Weapon Shop.
  6796 | D:7      | Found a snail-covered altar of Cheibriados.
  6909 | D:7      | Reached skill level 8 in Axes
  6959 | D:7      | Reached * piety under Okawaru
  7335 | D:8      | Found a stormy altar of Qazlal.
  7498 | D:8      | Noticed Psyche
  7509 | D:8      | Cast into level 1 of the Abyss (Psyche)
  7552 | Abyss:1  | Got a transparent quarterstaff
  7553 | Abyss:1  | Identified the +6 quarterstaff of Tuaxost {flame, *Corrode +Rage rN+} (You found it on level 1 of the Abyss)
  7586 | Abyss:1  | Noticed a rakshasa
  7596 | Abyss:1  | Noticed a spatial maelstrom
  7596 | Abyss:1  | Noticed a spatial maelstrom
  7599 | Abyss:1  | Quit the game

Vault maps used:
D:1:      dpeg_arrival_lava_temple_mockup
D:2:      zin_academy, grunt_ministairs_10, evilmike_ruin_ashenzari
D:3:      minmay_roachtagon
D:4:      lemuel_round_altar, first_bread
D:5:      kennysheep_okawaru_gauntlet, minmay_temple_entry_enclosed_plants,
          serial_shops, shop_fountains, uniq_pikel, uniq_sigmund, uniq_menkaure
D:6:      grunt_temple_overflow_lords_of_destruction, grunt_gozag_statues,
          yredelemnul_forgotten_temple_becter, serial_shops, shop_statue
D:7:      slow_altar_1, serial_shops, nicolae_shop_waterfront
D:8:      grunt_temple_overflow_growth_and_decay, overflow_temple_1_default,
          erik_lair_orcish_takeover, serial_shops, nicolae_shop_crystal,
          david_nohive_1, uniq_psyche, uniq_maurice, uniq_gastronok
Temple:   corrupted_temple

Skill      XL: |  1  2  3  4  5  6  7  8  9 |
---------------+----------------------------+-----
Fighting       | 3 4 5 6 7 |  7.3
Armour         | 1 2 3 4 |  4.8
Dodging        | 2 3 |  3.5
Axes           | 3 5 7 8 |  8.8
Staves         | |  2.0
Stealth        | |  2.4
Shields        | |  1.2

Action                   |  1- 3 |  4- 6 |  7- 9 || total
-------------------------+-------+-------+-------++-------
Melee: Quarterstaff      |   153 |   196 |    11 ||   360
       War axe           |       |   129 |   256 ||   385
 Abil: Dig               |     2 |     1 |     4 ||     7
       Shaft Self        |       |       |     1 ||     1
  Use: Potion            |       |     3 |     2 ||     5
       Scroll            |       |     5 |     4 ||     9
 Stab: Sleeping          |       |     2 |     1 ||     3
       Distracted        |       |     1 |       ||     1
  Eat: Chunk             |     1 |    11 |     7 ||    19
       Royal jelly       |       |       |     2 ||     2
Armor: Ring mail         |    93 |   121 |       ||   214
       Skin              |       |    63 |    10 ||    73
       Pearl dragon scal |       |    74 |   147 ||   221
Dodge: Dodged            |    99 |   242 |   122 ||   463
